 Seeded DCSS version 0.27.1-1-g398f81649c (webtiles) character file.

Game seed: 15093136498747754427 (custom seed)

325 a11behringer the Basher (level 6, -3/51 HPs)
             Began as a Minotaur Berserker on Sept 15, 2021.
             Was a Believer of Trog.
             Slain by an ogre (13 damage)
             ... on level 3 of the Dungeon.
             The game lasted 00:11:38 (2826 turns).

a11behringer the Basher (Minotaur Berserker)        Turns: 2826, Time: 00:11:38

Health: -3/51      AC:  4    Str: 22    XL:     6   Next: 24%
Magic:  0/5        EV: 12    Int:  4    God:    Trog [**....]
Gold:   127        SH:  0    Dex: 11    Spells: 5/5 levels left

rFire    . . .     SeeInvis +   a - +0 mace
rCold    . . .     Faith    .   (no shield)
rNeg     . . .     Spirit   +   b - +0 animal skin
rPois    .         Reflect  .   e - +2 hat {SInv}
rElec    .         Harm     .   (no cloak)
rCorr    .         Rampage  .   (no gloves)
Will     .....                  (no boots)
Stlth    +.........             r - amulet of guardian spirit
HPRegen  0.17/turn              (no ring)
MPRegen  0.09/turn              (no ring)

@: on berserk cooldown, slowed, very slow
A: horns 2, retaliatory headbutt
a: Renounce Religion, Berserk, Trog's Hand


You were on level 3 of the Dungeon.
You worshipped Trog.
Trog was pleased with you.
You visited 1 branch of the dungeon, and saw 4 of its levels.

You collected 127 gold pieces.

Inventory:

Hand Weapons
 a - a +0 mace (weapon)
 h - a +0 mace of holy wrath
 k - a +0 hunting sling
Missiles
 c - 33 sling bullets
Armour
 b - a +0 animal skin (worn)
 e - a +2 hat of see invisible (worn)
Jewellery
 r - an amulet of guardian spirit (around neck)
Scrolls
 i - a scroll of fog {unknown}
 j - 2 scrolls of enchant weapon {unknown}
 m - 4 scrolls of identify
 o - a scroll of fear {unknown}
 p - a scroll of silence {unknown}
 q - a scroll of amnesia {unknown}
Potions
 d - a potion of heal wounds
 f - 2 potions of curing
 g - a potion of might
 l - a potion of berserk rage {unknown}
 n - 2 potions of brilliance {unknown}


   Skills:
 - Level 3.6 Fighting
 * Level 8.5 Maces & Flails
 - Level 2.4 Armour
 - Level 2.1 Dodging


You had 5 spell levels left.
You didn't know any spells.
Your spell library was empty.

Dungeon Overview and Level Annotations

Branches:
Dungeon (4/15)             Temple (0/1) D:4

Altars:
Nemelex Xobeh


Innate Abilities, Weirdness & Mutations

You have a pair of horns on your head.
You reflexively headbutt those who attack you in melee.


Message History

An ogre comes into view. It is wielding a +0 giant club.
Things that are here:
a +0 club; a +0 hand axe; an orc corpse You closely miss the orc.
The orc hits you with a +0 whip.
The quokka bites you but does no damage.
You sock the orc!
You kill the orc!
Trog accepts your kill. The quokka bites you.
Items here: )) [ ††.
You feel a strong urge to attack something.
Things that are here:
a +0 hand axe; a +0 scale mail; an orc corpse You are no longer berserk.
You are exhausted.
You feel yourself slow down. The quokka closely misses you.
You furiously retaliate!
You headbutt the quokka.
You feel the effects of Trog's Hand fading.
The quokka bites you.
You hear the slow rusting of a drain nearby.
The quokka twitches its whiskers.
The ogre barely misses you.
Your skin stops crawling.
You feel less strong-willed. The ogre closely misses you.
There is a stone staircase leading up here.
The ogre hits you with a +0 giant club!
You climb upwards.
There is a stone staircase leading down here.
The ogre hits you with a +0 giant club!
You feel better. The ogre barely misses you.
You hit the ogre but do no damage. The ogre hits you with a +0 giant club!
You sock the ogre!
The ogre is moderately wounded.
The ogre hits you with a +0 giant club!!
* * * LOW HITPOINT WARNING * * *
You barely miss the ogre.
The ogre is moderately wounded.
The ogre hits you with a +0 giant club!
You die...

#.....## #
#######...## #
#.......#..# #
#.######.#.# #
#.######.#.#########
#.#.................
#.#>#....#.#########
#.#O#.####.# #
#.#@....##<# #
#.#.###.##.####### #
#...# #..........# #
###.###.########.# #
#.....# #.# #
###.###### #.#
#......# #.#
######.# ###.###
#######.###......


You could see an ogre.

Vanquished Creatures
  An ogre (D:3)
  2 orc priests (D:4)
  Natasha (thrice) (D:2)
  3 adders
  2 worms (D:2)
  A dart slug (D:1)
  3 orcs (D:4)
  5 bats
  8 endoplasms
  2 giant cockroaches
  11 hobgoblins
  2 jackals (D:2)
  3 quokkas
  11 ball pythons
  6 frilled lizards
  A goblin (D:1)
  7 kobolds
  6 rats
77 creatures vanquished.

Vanquished Creatures (others)
  4 fungi (D:2)
  8 plants (D:2)
12 creatures vanquished.

Grand Total: 89 creatures vanquished

Notes
Turn   | Place    | Note
-------+----------+-------------------------------------------
     0 | D:1      | a11behringer the Minotaur Berserker began the quest for the
                  | Orb.
     0 | D:1      | Reached XP level 1. HP: 19/19 MP: 0/0
    53 | D:1      | Reached skill level 4 in Maces & Flails
    63 | D:1      | Reached XP level 2. HP: 16/26 MP: 1/1
   521 | D:1      | Reached skill level 5 in Maces & Flails
   824 | D:1      | Reached XP level 3. HP: 31/31 MP: 2/2
  1030 | D:1      | Reached ** piety under Trog
  1465 | D:2      | Found a faded altar of an unknown god.
  1497 | D:2      | Reached XP level 4. HP: 39/39 MP: 3/3
  1589 | D:2      | Reached skill level 6 in Maces & Flails
  1603 | D:2      | Found a sparkling altar of Nemelex Xobeh.
  1725 | D:2      | Noticed Natasha
  1734 | D:2      | Killed Natasha
  1785 | D:2      | Noticed Natasha
  1791 | D:2      | Killed Natasha
  1870 | D:2      | Noticed Natasha
  1876 | D:2      | Killed Natasha
  1877 | D:2      | Reached skill level 7 in Maces & Flails
  1877 | D:2      | Reached XP level 5. HP: 43/45 MP: 4/4
  2512 | D:3      | Noticed an ogre
  2518 | D:3      | Killed an ogre
  2519 | D:3      | Reached skill level 8 in Maces & Flails
  2765 | D:4      | Found a staircase to the Ecumenical Temple.
  2802 | D:4      | Reached XP level 6. HP: 51/51 MP: 3/5
  2826 | D:3      | Slain by an ogre

Illustrated notes

Levels and vault maps discovered:
D:1:      lightli_arrival_statuegarden, layout_loops_ring, hex_medium
D:2:      layout_loops_ring, shapermc_ecumenical_altar_mp_urbaneastern,
          basic_altar, uniq_natasha
D:3:      layout_loops_ring
D:4:      minmay_chambers_of_twos, layout_basic,
          chequers_temple_overflow_minitemple, temple_pool_b,
          cheibrodos_sewer_entry_drain, st_stairs_4,
          hangedman_abyss_or_decor_jellyfish_corner, uniq_pikel

Skill      XL: |  1  2  3  4  5 |
---------------+----------------+-----
Maces & Flails | 4 5 7 8 |  8.5
Fighting       | |  3.6
Armour         | |  2.4
Dodging        | |  2.1

Action                   |  1- 3 |  4- 6 || total
-------------------------+-------+-------++-------
Melee: Mace              |    92 |    57 ||   149
       Headbutt          |    12 |     9 ||    21
Invok: Berserk           |     1 |     2 ||     3
       Trog's Hand       |       |     1 ||     1
  Use: Scroll            |     1 |     1 ||     2
       Potion            |       |     1 ||     1
Armor: Animal skin       |    17 |     7 ||    24
Dodge: Dodged            |    61 |    36 ||    97
